 Dungeon Crawl Stone Soup version 0.28.0-45-g0d030f2227 (webtiles) character file.

Game seed: 13081620158629359100

56 Vogrul the Chopper (level 3, -2/31 HPs)
             Began as a Hill Orc Fighter on Apr 8, 2022.
             Slain by an ogre
             ... wielding a +0 giant club
              (20 damage)
             ... on level 2 of the Dungeon.
             The game lasted 00:02:12 (1478 turns).

Vogrul the Chopper (Hill Orc Fighter)               Turns: 1478, Time: 00:02:13

Health: -2/31      AC:  6    Str: 20    XL:     3   Next: 95%
Magic:  3/3        EV:  9    Int:  8    God:
Gold:   37         SH:  4    Dex: 10    Spells: 2/2 levels left

rFire   . . .      SeeInvis .   a - +0 war axe
rCold   . . .      Faith    .   c - +0 buckler
rNeg    . . .      Spirit   .   b - +0 scale mail
rPois   .          Reflect  .   (no helmet)
rElec   .          Harm     .   (no cloak)
rCorr   .          Rampage  .   (no gloves)
Will    .....                   (no boots)
Stlth   ..........              (no amulet)
HPRegen 0.10/turn               (no ring)
MPRegen 0.08/turn               (no ring)

@: no status effects
A: no striking features
a: no special abilities


You were on level 2 of the Dungeon.
You visited 1 branch of the dungeon, and saw 2 of its levels.

You collected 37 gold pieces.


   Skills:
 - Level 3.6 Fighting
 + Level 5.5 Axes
 - Level 3.2 Armour
 - Level 3.2 Shields


You had 2 spell levels left.
You didn't know any spells.
Your spell library was empty.

Dungeon Overview and Level Annotations

Branches:
Dungeon (2/15)

Altars:

Inventory:

Hand Weapons
 a - a +0 war axe (weapon)
 e - a +4 mace
   (You found it on level 1 of the Dungeon)
Missiles
 f - 49 stones (quivered)
 h - 3 throwing nets {!f}
Armour
 b - a +0 scale mail (worn)
 c - a +0 buckler (worn)
Scrolls
 g - 2 scrolls of teleportation {unknown}
 i - a scroll of enchant armour {unknown}
 j - 2 scrolls of identify {unknown}
 l - a scroll of fog {unknown}
Potions
 d - a potion of might
 k - a potion of mutation {unknown}
 m - a potion of attraction {unknown}

#(....#.......#### ####
#................. .>>#
########(...†##.#.##.#### ...#
#.....##.....##.#.##.#
...######.###.##(###.##.#..#.#
..........# #......#.##.#....#
...######## #.##(#.#.##......#
...# #.##O#.#.####...## ...#
#.##@....# #...# ###########
#.####.### #...# # #.......#
#.####.# #...# #.......#
#....)(######...###.#
#.......###.##.....)†.....>....
#...........#.#....†...........
#.......####.###..............<
#.......# ##.#.#######...###..
#.......# ##.## #...# ##


You could see an ogre.


Message History

f - 53 stones (gained 3)
You see here a +0 short sword.
m - a murky blue potion
Things that are here:
2 poisoned darts; a hobgoblin corpse You see here a +0 short sword.
You see here a hobgoblin corpse.
Found a stone staircase leading up.
An ogre comes into view. It is wielding a +0 giant club.
Found a spear.
The ogre shouts!
You see here a +0 long sword.
Okay, then.
Throw: 53 stones
Press: ? - help, Q - select action, (/) - cycle Shift-Dir - straight line, f - ogre
Aim: an ogre, wielding a +0 giant club (72% to hit)
You throw a stone. The stone hits the ogre.
The ogre is lightly wounded.
Throw: 52 stones
Press: ? - help, Q - select action, (/) - cycle Shift-Dir - straight line, f/p - ogre
Aim: an ogre, wielding a +0 giant club (lightly wounded, 72% to hit)
You throw a stone. The stone hits the ogre.
The ogre is lightly wounded.
Throw: 51 stones
Press: ? - help, Q - select action, (/) - cycle Shift-Dir - straight line, f/p - ogre
Aim: an ogre, wielding a +0 giant club (lightly wounded, 72% to hit)
You throw a stone. The stone hits the ogre.
The ogre is lightly wounded.
Throw: 50 stones
Press: ? - help, Q - select action, (/) - cycle Shift-Dir - straight line, f/p - ogre
Aim: an ogre, wielding a +0 giant club (lightly wounded, 72% to hit)
You throw a stone. The stone hits the ogre.
The ogre is lightly wounded.
You hit the ogre.
The ogre is moderately wounded.
You block the ogre's attack.
You hit the ogre.
The ogre is heavily wounded.
The ogre hits you with a +0 giant club!
You slash the ogre!
The ogre is severely wounded.
The ogre completely misses you.
You barely miss the ogre.
The ogre is severely wounded.
The ogre misses you.
You hit the ogre but do no damage.
The ogre is severely wounded.
The ogre hits you with a +0 giant club!!
Ouch! That really hurt!
You die...

Levels and vault maps discovered:
D:1:      dpeg_cavernosity, layout_basic, minmay_misc_feat_roman, st_stairs_3,
          minivault_26, chequers_serial_rivers_marsh,
          chequers_serial_rivers_micro_d
D:2:      layout_loops_cross, hellmonk_ecumenical_altar_inner_sanctum

Vanquished Creatures
  An adder (D:2)
  3 dart slugs (D:1)
  2 ball pythons (D:1)
  6 bats
  4 endoplasms (D:1)
  2 giant cockroaches (D:1)
  5 goblins
  4 hobgoblins
  3 jackals (D:2)
  4 kobolds
  4 rats (D:1)
38 creatures vanquished.

Vanquished Creatures (others)
  A fungus (D:1)
1 creature vanquished.

Grand Total: 39 creatures vanquished

Table legend: (Time is in decaauts)
 A = Elapsed time spent in this place.
 B = Non-inter-level travel time spent in this place.
 C = Inter-level travel time spent in this place.
 D = Time resting spent in this place.
 E = Time spent auto-exploring this place.
 F = Levels seen in this place.
 G = Mean time per level.
                   A        B        C        D        E       F      G
               +--------+--------+--------+--------+--------+-----+--------+
         Total |   1515 |   1471 |     44 |     64 |   1117 |   2 |  757.5 |
       Dungeon |   1515 |   1471 |     44 |     64 |   1117 |   2 |  757.5 |
               +--------+--------+--------+--------+--------+-----+--------+

Top non-repeatable levels by time:
     D:1: 1266 daAuts
     D:2: 248 daAuts

Table legend:
 A = Kills in this place as a percentage of kills in entire the game.
 B = Kills by you in this place as a percentage of kills by you in the entire game.
 C = Kills by friends in this place as a percentage of kills by friends in the entire game.
 D = Other kills in this place as a percentage of other kills in the entire game.
 E = Experience gained in this place as a percentage of experience gained in the entire game.
 F = Experience gained in this place divided by the number of levels of this place that you have seen.
                   A       B       C       D       E      F
               +-------+-------+-------+-------+-------+----------------------
         Total | 100.0 | 100.0 |   N/A |   N/A | 100.0 |  40.0
       Dungeon | 100.0 | 100.0 |   N/A |   N/A | 100.0 |  40.0
               +-------+-------+-------+-------+-------+----------------------

Notes
Turn   | Place    | Note
-------+----------+-------------------------------------------
     0 | D:1      | Vogrul the Hill Orc Fighter began the quest for the Orb.
     0 | D:1      | Reached XP level 1. HP: 19/19 MP: 1/1
    41 | D:1      | Reached skill level 3 in Axes
   135 | D:1      | Reached XP level 2. HP: 26/26 MP: 2/2
   150 | D:1      | Reached skill level 4 in Axes
   514 | D:1      | Reached XP level 3. HP: 29/31 MP: 3/3
  1131 | D:1      | Reached skill level 5 in Axes
  1458 | D:2      | Noticed an ogre
  1478 | D:2      | Slain by an ogre

Action                   || total
-------------------------++-------
Melee: War axe           ||   106
Throw: Stone             ||     4
Armor: Scale mail        ||    54
Dodge: Dodged            ||    37
Block: Buckler           ||    26
